TOP OF THE 1ST |
Sacramento River Cats batting - Pitching for Iowa Cubs : RHP Willie Ramos
|
Pitching: RHP Willie Ramos
|
|
Batting: LHB Mason Duffy
|
0-0: Ball 1-0: SINGLE (Groundball, 6MD, EV 101.2 MPH)
|
Batting: RHB Dave Crouch
|
0-0: Called Strike 0-1: Fly out, F9 (Flyball, 9LSF, EV 93.1 MPH)
|
Batting: LHB Ryan Braden
|
0-0: Ball 1-0: Swinging Strike 1-1: Foul Ball, location: 2F 1-2: Foul Ball, location: 2F 1-2: Ball 2-2: Strikes out looking
|
Batting: LHB Willie Ceniceros
|
0-0: Ball 1-0: Ball 2-0: Ball 3-0: Base on Balls Mason Duffy to second
|
Batting: RHB Brian Rogers
|
0-0: Ball 1-0: Ball 2-0: Ball 3-0: Base on Balls Mason Duffy to third Willie Ceniceros to second
|
Batting: RHB Tyler Mapes
|
0-0: Ball 1-0: Called Strike 1-1: DOUBLE (Flyball, 8RXD, EV 111.2 MPH) Mason Duffy scores Willie Ceniceros scores Brian Rogers to third Runner from 3rd tries for Home, SAFE, throw by CF to home
|
Batting: RHB Hugo Zacarias
|
0-0: Ball 1-0: DOUBLE (Flyball, 8RXD, EV 111.2 MPH) Tyler Mapes scores
|
Batting: RHB Justin Baldwin
|
0-0: Ball 1-0: Called Strike 1-1: Ball 2-1: Ball 3-1: Base on Balls
|
Batting: RHB Nick Wicker
|
0-0: Ball 1-0: Fielders Choice at 2nd, 5-4 (Groundball, 56, EV 98.1 MPH)
|
Top of the 1st over - 4 runs, 3 hits, 0 errors, 2 left on base; Sacramento 4 - Iowa 0 |
BOTTOM OF THE 1ST |
Iowa Cubs batting - Pitching for Sacramento River Cats : RHP George Kellum
|
Pitching: RHP George Kellum
|
|
Batting: LHB Sumiki Okuhara
|
0-0: Ball 1-0: Ball 2-0: Ball 3-0: Base on Balls
|
Batting: RHB Jon Aguilar
|
0-0: Ball 1-0: Ball 2-0: Called Strike 2-1: Called Strike 2-2: Foul Ball, location: 2F 2-2: Ball 3-2: Fly out, F8 (Flyball, 8LXD, EV 103.8 MPH)
|
Batting: LHB Mark Ingram
|
0-0: Ball 1-0: Foul Ball, location: 2F 1-1: Ball 2-1: Ball 3-1: Base on Balls Sumiki Okuhara to second
|
Batting: RHB Ricardo Aguinaga
|
0-0: SINGLE (Groundball, 3D, EV 96.2 MPH) Sumiki Okuhara to third Mark Ingram to second Runner from 3rd tries for Home, throw by RF and OUT! 9-2 Mark Ingram to third Ricardo Aguinaga to second
|
Now in LF: Jared Paige
|
|
Now in RF: Ryan Braden
|
|
Batting: SHB Gabriel Cruz
|
0-0: Ball 1-0: Foul Ball, location: 2F 1-1: Foul Ball, location: 2F 1-2: Strikes out swinging
|
Bottom of the 1st over - 0 runs, 1 hit, 0 errors, 2 left on base; Sacramento 4 - Iowa 0 |
TOP OF THE 2ND |
Sacramento River Cats batting - Pitching for Iowa Cubs : RHP Willie Ramos
|
Batting: LHB Jared Paige
|
0-0: Called Strike 0-1: Swinging Strike 0-2: Foul Ball, location: 2F 0-2: Fly out, F7 (Flyball, 78M, EV 95.6 MPH)
|
Batting: RHB Dave Crouch
|
0-0: Ball 1-0: Ball 2-0: Ball 3-0: Called Strike 3-1: Base on Balls
|
Batting: LHB Ryan Braden
|
0-0: Called Strike 0-1: Ball 1-1: Foul Ball, location: 2F 1-2: Foul Ball, location: 2F 1-2: Ball 2-2: Ball 3-2: Foul Ball, location: 2F 3-2: Fielders Choice at 2nd, 4-6 (Groundball, 4, EV 86.2 MPH)
|
Batting: LHB Willie Ceniceros
|
0-0: DOUBLE (Line Drive, 7LD, EV 108.8 MPH) Ryan Braden to third Runner from 3rd tries for Home, SAFE, throw by LF to home
|
Batting: RHB Brian Rogers
|
0-0: Fly out, F8 (Line Drive, 8RM, EV 97.5 MPH)
|
Top of the 2nd over - 1 run, 1 hit, 0 errors, 1 left on base; Sacramento 5 - Iowa 0 |
BOTTOM OF THE 2ND |
Iowa Cubs batting - Pitching for Sacramento River Cats : RHP George Kellum
|
Batting: RHB Brian Gargis
|
0-0: Ground out U3 (Groundball, 3S, EV 83.1 MPH)
|
Batting: SHB Seung-ho Zhang
|
0-0: Ball 1-0: Foul Ball, location: 2F 1-1: Ball 2-1: Foul Ball, location: 2F 2-2: Fly out, F8 (Flyball, 89M, EV 91.2 MPH)
|
Batting: RHB Pat Barton
|
0-0: Swinging Strike 0-1: Fly out, F4 (Line Drive, 4D, EV 68.8 MPH)
|
Bottom of the 2nd over - 0 runs, 0 hits, 0 errors, 0 left on base; Sacramento 5 - Iowa 0 |
TOP OF THE 3RD |
Sacramento River Cats batting - Pitching for Iowa Cubs : RHP Willie Ramos
|
Batting: RHB Tyler Mapes
|
0-0: Ball 1-0: Called Strike 1-1: SINGLE (Groundball, 56D, EV 104.4 MPH)
|
Batting: RHB Hugo Zacarias
|
0-0: Fly out, F9 (Flyball, 9, EV 73.1 MPH)
|
Batting: RHB Justin Baldwin
|
Pickoff Throw to First - Out! 1-3 0-0: Ball 1-0: Ball 2-0: Foul Ball, location: 2F 2-1: SINGLE (Line Drive, 89M, EV 96.9 MPH)
|
Pitching: RHP Arnaldo Cardamenho
|
|
Batting: RHB Nick Wicker
|
0-0: Ball 1-0: Foul Ball, location: 2F 1-1: Ball 2-1: Ball 3-1: Base on Balls Justin Baldwin to second
|
Batting: LHB Jared Paige
|
0-0: Called Strike 0-1: Ball 1-1: Called Strike 1-2: Ball 2-2: Ball 3-2: Foul Ball, location: 2F 3-2: Foul Ball, location: 2F 3-2: Foul Ball, location: 2F 3-2: Base on Balls Justin Baldwin to third Nick Wicker to second
|
Batting: RHB Dave Crouch
|
0-0: SINGLE (Groundball, 56D, EV 94.4 MPH) Justin Baldwin scores Nick Wicker to third Jared Paige to second Runner from 3rd tries for Home, SAFE, throw by LF to home
|
Batting: LHB Ryan Braden
|
0-0: Foul Ball, location: 2F 0-1: Called Strike 0-2: Strikes out swinging
|
Top of the 3rd over - 2 runs, 3 hits, 0 errors, 2 left on base; Sacramento 7 - Iowa 0 |
BOTTOM OF THE 3RD |
Iowa Cubs batting - Pitching for Sacramento River Cats : RHP George Kellum
|
Batting: RHB Rich Thurman
|
0-0: Ball 1-0: Foul Ball, location: 2F 1-1: Ball 2-1: Foul Ball, location: 2F 2-2: Foul Ball, location: 2F 2-2: Strikes out looking
|
Batting: LHB Sumiki Okuhara
|
0-0: Ball 1-0: Ball 2-0: Ball 3-0: Base on Balls
|
Batting: RHB Jon Aguilar
|
0-0: Ball Wild Pitch! Sumiki Okuhara to second 1-0: Ball 2-0: Called Strike 2-1: Ground out 4-3 (Groundball, 4M, EV 78.8 MPH) Sumiki Okuhara to third
|
Batting: LHB Mark Ingram
|
0-0: Called Strike 0-1: Swinging Strike 0-2: Ball 1-2: Strikes out swinging
|
Bottom of the 3rd over - 0 runs, 0 hits, 0 errors, 1 left on base; Sacramento 7 - Iowa 0 |
TOP OF THE 4TH |
Sacramento River Cats batting - Pitching for Iowa Cubs : RHP Arnaldo Cardamenho
|
Batting: LHB Willie Ceniceros
|
0-0: Ball 1-0: Called Strike 1-1: Ball 2-1: Ball 3-1: Foul Ball, location: 2F 3-2: Base on Balls
|
Batting: RHB Brian Rogers
|
0-0: Called Strike 0-1: Swinging Strike 0-2: Ball 1-2: Foul Ball, location: 2F 1-2: Ball 2-2: SINGLE (Groundball, 6D, EV 106.2 MPH) Willie Ceniceros to second
|
Batting: RHB Tyler Mapes
|
0-0: Ball 1-0: Fly out, F5 (Popup, 5SF, EV 77.5 MPH)
|
Batting: RHB Hugo Zacarias
|
0-0: Fielders Choice at 2nd, 6-4 (Groundball, 6, EV 98.8 MPH) Willie Ceniceros to third
|
Batting: RHB Justin Baldwin
|
0-0: Foul Ball, location: 2F 0-1: Swinging Strike 0-2: Ball 1-2: Strikes out swinging
|
Top of the 4th over - 0 runs, 1 hit, 0 errors, 2 left on base; Sacramento 7 - Iowa 0 |
BOTTOM OF THE 4TH |
Iowa Cubs batting - Pitching for Sacramento River Cats : RHP George Kellum
|
Batting: RHB Ricardo Aguinaga
|
0-0: Ball 1-0: Foul Ball, location: 2F 1-1: Ground out U3 (Groundball, 13, EV 92.5 MPH)
|
Batting: SHB Gabriel Cruz
|
0-0: Ball 1-0: Ball 2-0: Ball 3-0: Called Strike 3-1: SINGLE (Groundball, 6MD, EV 99.4 MPH)
|
Batting: RHB Brian Gargis
|
0-0: Ball 1-0: Foul Ball, location: 2F 1-1: Called Strike 1-2: Fielders Choice at 2nd, 6-4 (Groundball, 6, EV 80.0 MPH)
|
Batting: SHB Seung-ho Zhang
|
0-0: Ball 1-0: Ball 2-0: SINGLE (Groundball, 4MD, EV 98.8 MPH) Brian Gargis to second Runner from 2nd tries for 3rd, SAFE, throw by CF made to third
|
Batting: RHB Pat Barton
|
0-0: Ball 1-0: Fly out, F8 (Flyball, 8LD, EV 98.8 MPH)
|
Bottom of the 4th over - 0 runs, 2 hits, 0 errors, 2 left on base; Sacramento 7 - Iowa 0 |
TOP OF THE 5TH |
Sacramento River Cats batting - Pitching for Iowa Cubs : RHP Arnaldo Cardamenho
|
Batting: RHB Nick Wicker
|
0-0: Ball 1-0: Ball 2-0: Ball 3-0: Base on Balls
|
Batting: LHB Jared Paige
|
0-0: Swinging Strike 0-1: Foul Ball, location: 2F 0-2: Foul Ball, location: 2F 0-2: Ball 1-2: Strikes out swinging
|
Batting: RHB Dave Crouch
|
0-0: Ball 1-0: Ball 2-0: Fielders Choice at 2nd, 5-4 (Groundball, 56, EV 89.4 MPH)
|
Pitching: RHP Brian Bailes
|
|
Batting: LHB Ryan Braden
|
0-0: Ball 1-0: Called Strike Dave Crouch steals 2nd base 1-1: Fly out, F9 (Flyball, 89S, EV 92.5 MPH)
|
Top of the 5th over - 0 runs, 0 hits, 0 errors, 1 left on base; Sacramento 7 - Iowa 0 |
BOTTOM OF THE 5TH |
Iowa Cubs batting - Pitching for Sacramento River Cats : RHP George Kellum
|
Batting: RHB Rich Thurman
|
0-0: Ball 1-0: Called Strike 1-1: Ball 2-1: Foul Ball, location: 2F 2-2: Ball 3-2: Foul Ball, location: 2F 3-2: Base on Balls
|
Batting: LHB Sumiki Okuhara
|
0-0: Foul Ball, location: 2F 0-1: Ball 1-1: Called Strike 1-2: Strikes out swinging
|
Batting: RHB Jon Aguilar
|
0-0: Ball 1-0: Called Strike 1-1: Foul Ball, location: 2F 1-2: Ball Rich Thurman is caught stealing 2nd base 2-4 2-2: Ball 3-2: Base on Balls
|
Batting: LHB Mark Ingram
|
0-0: Called Strike Jon Aguilar steals 2nd base 0-1: Ball 1-1: Ball 2-1: Foul Ball, location: 2F 2-2: Strikes out swinging
|
Bottom of the 5th over - 0 runs, 0 hits, 0 errors, 1 left on base; Sacramento 7 - Iowa 0 |
TOP OF THE 6TH |
Sacramento River Cats batting - Pitching for Iowa Cubs : RHP Brian Bailes
|
Batting: LHB Willie Ceniceros
|
0-0: Foul Ball, location: 2F 0-1: Called Strike 0-2: Strikes out swinging
|
Batting: RHB Brian Rogers
|
0-0: Ball 1-0: Swinging Strike 1-1: Foul Ball, location: 2F 1-2: Ball 2-2: Foul Ball, location: 2F 2-2: Ball 3-2: Foul Ball, location: 2F 3-2: Ground out 5-3 (Groundball, 56S, EV 64.4 MPH)
|
Batting: RHB Tyler Mapes
|
0-0: SINGLE (Groundball, 6MS, EV 71.2 MPH) (infield hit)
|
Batting: RHB Hugo Zacarias
|
0-0: Ball Tyler Mapes steals 2nd base 1-0: Called Strike 1-1: SINGLE (Groundball, 56D, EV 104.4 MPH) Tyler Mapes to third Runner from 3rd tries for Home, throw by LF and OUT! 7-2
|
Top of the 6th over - 0 runs, 2 hits, 0 errors, 1 left on base; Sacramento 7 - Iowa 0 |
BOTTOM OF THE 6TH |
Iowa Cubs batting - Pitching for Sacramento River Cats : RHP George Kellum
|
Batting: RHB Ricardo Aguinaga
|
0-0: Foul Ball, location: 2F 0-1: Swinging Strike 0-2: Ball 1-2: Ball 2-2: Ground out 6-3 (Groundball, 6, EV 100.6 MPH)
|
Batting: SHB Gabriel Cruz
|
0-0: Ball 1-0: Swinging Strike 1-1: Ball 2-1: SINGLE (Groundball, 34S, EV 63.1 MPH) (infield hit)
|
Batting: RHB Brian Gargis
|
0-0: Swinging Strike 0-1: Called Strike Gabriel Cruz steals 2nd, throwing error, E2 Gabriel Cruz to third 0-2: Strikes out looking
|
Batting: SHB Seung-ho Zhang
|
0-0: Ground out 4-3 (Groundball, 4M, EV 102.5 MPH)
|
Bottom of the 6th over - 0 runs, 1 hit, 1 error, 1 left on base; Sacramento 7 - Iowa 0 |
TOP OF THE 7TH |
Sacramento River Cats batting - Pitching for Iowa Cubs : RHP Brian Bailes
|
Batting: RHB Justin Baldwin
|
0-0: Called Strike 0-1: Swinging Strike 0-2: SINGLE (Groundball, 56D, EV 97.5 MPH)
|
Batting: RHB Nick Wicker
|
0-0: Ball 1-0: SINGLE (Groundball, 6MD, EV 98.1 MPH) Justin Baldwin to second Runner from 2nd tries for 3rd, SAFE, throw by CF made at trailing runner, OUT! 8-4
|
Batting: LHB Jared Paige
|
0-0: Ball 1-0: Ball 2-0: Called Strike 2-1: Ground out 4-3 (Groundball, 4S, EV 85.0 MPH) Justin Baldwin scores
|
Batting: RHB Dave Crouch
|
0-0: Ball 1-0: Swinging Strike 1-1: Called Strike 1-2: Ball 2-2: Strikes out swinging
|
Top of the 7th over - 1 run, 2 hits, 0 errors, 0 left on base; Sacramento 8 - Iowa 0 |
BOTTOM OF THE 7TH |
Iowa Cubs batting - Pitching for Sacramento River Cats : RHP George Kellum
|
Batting: RHB Pat Barton
|
0-0: Called Strike 0-1: Swinging Strike 0-2: Ground out 1-3 (Groundball, 13, EV 66.9 MPH)
|
Pitching: LHP Mike del Rio
|
|
Batting: RHB Rich Thurman
|
0-0: Ball 1-0: Ball 2-0: Ball 3-0: Base on Balls
|
Pinch Hitting: RHB Adam O'Hare
|
0-0: Called Strike 0-1: Ball Rich Thurman steals 2nd base (no throw) 1-1: Called Strike 1-2: Ball 2-2: Ball 3-2: Fly out, F7 (Line Drive, 78M, EV 86.9 MPH)
|
Pinch Hitting: SHB Tim Hone
|
0-0: SINGLE (Flyball, 3D, EV 96.9 MPH) Rich Thurman to third Runner from 3rd tries for Home, throw by RF and OUT! 9-2
|
Bottom of the 7th over - 0 runs, 1 hit, 0 errors, 1 left on base; Sacramento 8 - Iowa 0 |
TOP OF THE 8TH |
Sacramento River Cats batting - Pitching for Iowa Cubs : RHP Brian Bailes
|
Now in LF: Adam O'Hare
|
|
Now in RF: Tim Hone
|
|
Batting: LHB Ryan Braden
|
0-0: Called Strike 0-1: Reached on error, E4 (Groundball, 4, EV 80.6 MPH)
|
Batting: LHB Willie Ceniceros
|
0-0: Foul Ball, location: 2F 0-1: Ball 1-1: Ball 2-1: Foul Ball, location: 2F 2-2: Ball 3-2: Strikes out swinging
|
Batting: RHB Brian Rogers
|
0-0: Foul Ball, location: 2F 0-1: Swinging Strike 0-2: Ball 1-2: Fly out, F8 (Line Drive, 8RM, EV 93.8 MPH)
|
Batting: RHB Tyler Mapes
|
0-0: Fly out, F9 (Flyball, 9D, EV 96.2 MPH)
|
Top of the 8th over - 0 runs, 0 hits, 1 error, 1 left on base; Sacramento 8 - Iowa 0 |
BOTTOM OF THE 8TH |
Iowa Cubs batting - Pitching for Sacramento River Cats : LHP Mike del Rio
|
Batting: LHB Mark Ingram
|
0-0: Swinging Strike 0-1: Foul Ball, location: 2F 0-2: Ball 1-2: Ball 2-2: Foul Ball, location: 2F 2-2: Strikes out swinging, 2-3 out at first.
|
Batting: RHB Ricardo Aguinaga
|
0-0: Ball 1-0: Ball 2-0: Ball 3-0: Base on Balls
|
Batting: SHB Gabriel Cruz
|
0-0: SINGLE (Line Drive, 4MD, EV 100.6 MPH) Ricardo Aguinaga to second
|
Batting: RHB Brian Gargis
|
0-0: Ball 1-0: Foul Ball, location: 2F 1-1: Ball 2-1: Swinging Strike 2-2: Foul Ball, location: 2F 2-2: Foul Ball, location: 2F 2-2: Fly out, F8 (Line Drive, 8RM, EV 93.8 MPH)
|
Batting: SHB Seung-ho Zhang
|
0-0: SINGLE (Groundball, 5L, EV 91.9 MPH) (infield hit) Ricardo Aguinaga to third Gabriel Cruz to second
|
Batting: RHB Pat Barton
|
0-0: Ball 1-0: Ball 2-0: Ball 3-0: Called Strike 3-1: Swinging Strike 3-2: Foul Ball, location: 2F 3-2: Foul Ball, location: 2F 3-2: Base on Balls Ricardo Aguinaga scores Gabriel Cruz to third Seung-ho Zhang to second
|
Batting: RHB Rich Thurman
|
0-0: Ball 1-0: Ball 2-0: Ball 3-0: Base on Balls Gabriel Cruz scores Seung-ho Zhang to third Pat Barton to second
|
Batting: RHB Adam O'Hare
|
0-0: Ball 1-0: Ball 2-0: Called Strike 2-1: Fly out, F4 (Popup, 4MS, EV 63.8 MPH)
|
Bottom of the 8th over - 2 runs, 2 hits, 0 errors, 3 left on base; Sacramento 8 - Iowa 2 |
TOP OF THE 9TH |
Sacramento River Cats batting - Pitching for Iowa Cubs : RHP Brian Bailes
|
Batting: RHB Hugo Zacarias
|
0-0: Called Strike 0-1: Ball 1-1: Ball 2-1: Ball 3-1: Called Strike 3-2: Foul Ball, location: 2F 3-2: Strikes out swinging
|
Batting: RHB Justin Baldwin
|
0-0: Swinging Strike 0-1: Called Strike 0-2: Ball 1-2: Foul Ball, location: 2F 1-2: SINGLE (Groundball, 56D, EV 96.9 MPH)
|
Pitching: RHP Jose Ramirez
|
|
Batting: RHB Nick Wicker
|
Pickoff Throw to First - Out! 1-3 0-0: Ball 1-0: SINGLE (Line Drive, 89M, EV 109.4 MPH)
|
Batting: LHB Jared Paige
|
0-0: Called Strike 0-1: Ball 1-1: Swinging Strike 1-2: Ball 2-2: Strikes out swinging
|
Top of the 9th over - 0 runs, 2 hits, 0 errors, 1 left on base; Sacramento 8 - Iowa 2 |
BOTTOM OF THE 9TH |
Iowa Cubs batting - Pitching for Sacramento River Cats : LHP Mike del Rio
|
Batting: SHB Tim Hone
|
0-0: Ball 1-0: Ball 2-0: Called Strike 2-1: Foul Ball, location: 2F 2-2: Ball 3-2: Foul Ball, location: 2F 3-2: SINGLE (Groundball, 25, EV 69.4 MPH) (infield hit)
|
Batting: RHB Francisco Ramirez
|
0-0: Called Strike 0-1: Called Strike 0-2: Strikes out swinging
|
Pitching: RHP Takashi Kino
|
|
Batting: RHB Ricardo Aguinaga
|
0-0: Called Strike 0-1: Ball 1-1: Ball 2-1: Ball 3-1: Base on Balls Tim Hone to second
|
Batting: SHB Gabriel Cruz
|
0-0: Called Strike 0-1: Ball 1-1: Swinging Strike 1-2: Fly out, F7 (Flyball, 78M, EV 73.8 MPH)
|
Batting: RHB Brian Gargis
|
0-0: Foul Ball, location: 2F 0-1: Ball 1-1: Ball 2-1: Ground out 4-3 (Groundball, 4S, EV 67.5 MPH)
|
Bottom of the 9th over - 0 runs, 1 hit, 0 errors, 2 left on base; Sacramento 8 - Iowa 2 |
|